Map: Prion Terraces

Players

AcerBly (Bly) - Winner!

  • Race: Zerg Zerg
  • League: Grandmaster

ShoWTimE

  • Race: Protoss Protoss
  • League: Grandmaster

Event: 2016 WCS Winter Challenger Europe

VOD

Have the link to the VOD?

Description

Time

  • Played on: Feb. 13, 2016, 11:56 a.m.
  • Length: 7:19

All games in this series

Show
View Real Time Build Order
Export as new Build Order

AcerBly Zerg - Winner!

Build Orders: 3 Hatch before Pool 

Get SALT Encoding   

  12  0:00  Drone  
  13  0:13  Overlord  
  13  0:22  Drone  
  14  0:33  Drone x2  
  16  0:37  Drone  
  17  0:52  Hatchery  
  17  0:56  Drone  
  17  0:58  Drone  
  18  1:10  Drone  
  19  1:23  Hatchery  
  18  1:27  Drone  
  18  1:30  Extractor  
  18  1:40  Spawning Pool  
  18  1:41  Drone  
  18  1:45  Drone  
  19  1:56  Drone  
  20  2:05  Drone x2  
  22  2:19  Drone x2  
  24  2:25  Drone  
  24  2:27  Queen  
  27  2:34  Metabolic Boost  
  27  2:35  Queen  
  29  2:42  Zergling x6  
  29  2:43  Zergling x2  
  33  2:49  Drone  
  34  2:51  Overlord  
  34  3:03  Extractor  
  34  3:04  Extractor, Queen  
  35  3:22  Zergling x2, Evolution Chamber  
  35  3:23  Zergling x14  
  42  3:29  Overlord  
  42  3:51  Drone  
  42  3:52  Drone x7  
  42  3:53  Overlord  
  47  4:18  Zergling x8  
  47  4:19  Zergling x12  
  47  4:21  Overlord  
  57  4:27  Spore Crawler x2  
  49  4:32  Zergling x16  
  49  4:36  Spore Crawler  
  49  4:37  Queen  
  56  4:38  Queen x2  
  56  4:40  Overlord  
  60  4:47  Overlord  
  60  4:48  Overlord  
  54  5:09  Zergling x2  
  54  5:10  Zergling x20  
  61  5:15  Roach Warren  
  61  5:16  Queen x3  
  61  5:18  Overlord  
  66  5:25  Overlord  
  66  5:29  Zergling x2  
  64  5:41  Zergling x6  
  64  5:42  Zergling x14  
  70  5:49  Drone, Extractor  
  70  5:50  Extractor  
  70  5:52  Drone x5  
  70  5:53  Overlord  
  74  5:58  Roach  
  74  5:59  Roach x2  
  70  6:13  Roach x6  
  70  6:16  Drone  
  81  6:22  Drone  
  81  6:29  Roach x3  
  81  6:30  Drone x2  
  81  6:31  Overlord  
  86  6:42  Zergling x6  
  86  6:43  Zergling x8  
  92  6:49  Ravager  
  92  6:50  Zergling x6, Ravager x2  
  92  6:51  Zergling x2  
  100  7:01  Zergling x8  
Show
View Real Time Build Order
Export as new Build Order

ShoWTimE Protoss 

Build Orders: 1 Gate Expand, Oracle Opening 

Get SALT Encoding   

  12  0:01  Probe (Chrono Boost)  
  13  0:11  Probe (Chrono Boost)  
  14  0:18  Pylon  
  14  0:22  Probe (Chrono Boost)  
  15  0:36  Probe (Chrono Boost)  
  15  0:39  Gateway  
  16  0:44  Assimilator  
  16  0:47  Probe (Chrono Boost)  
  17  0:57  Probe (Chrono Boost)  
  18  1:08  Probe (Chrono Boost)  
  19  1:21  Nexus  
  19  1:30  Cybernetics Core  
  19  1:34  Probe (Chrono Boost)  
  20  1:43  Assimilator  
  20  1:45  Probe (Chrono Boost)  
  21  1:54  Pylon  
  21  1:56  Probe (Chrono Boost)  
  22  2:07  Probe (Chrono Boost)  
  23  2:09  Warp Gate  
  23  2:12  Adept  
  25  2:17  Probe (Chrono Boost)  
  26  2:25  Stargate  
  26  2:28  Probe (Chrono Boost)  
  27  2:33  Probe (Chrono Boost)  
  28  2:38  Probe (Chrono Boost)  
  28  2:39  Adept  
  28  2:44  Probe (Chrono Boost)  
  32  2:49  Probe (Chrono Boost)  
  33  2:54  Probe (Chrono Boost), Pylon  
  34  2:59  Probe (Chrono Boost)  
  34  3:04  Probe (Chrono Boost)  
  36  3:08  Oracle (Chrono Boost)  
  36  3:11  Probe  
  40  3:14  Probe  
  41  3:23  Probe  
  41  3:26  Gateway x2  
  40  3:28  Assimilator  
  40  3:29  Assimilator  
  41  3:35  Mothership Core  
  41  3:38  Pylon  
  41  3:39  Adept  
  44  3:45  Probe  
  45  3:55  Probe  
  45  3:57  Probe  
  47  4:05  Probe  
  47  4:09  Probe, Oracle (Chrono Boost)  
  52  4:15  Adept  
  54  4:18  Probe  
  54  4:21  Probe  
  54  4:24  Adept x2  
  54  4:29  Probe  
  52  4:33  Probe  
  52  4:36  Nexus  
  53  4:39  Probe  
  53  4:45  Probe, Pylon  
  55  4:49  Phoenix (Chrono Boost)  
  55  4:50  Probe  
  58  4:57  Probe  
  57  5:01  Adept x2  
  57  5:04  Robotics Facility  
  57  5:06  Probe  
  58  5:09  Probe  
  58  5:12  Adept  
  60  5:16  Probe  
  61  5:22  Adept x2  
  65  5:33  Probe  
  65  5:34  Probe, Twilight Council, Forge  
  61  5:44  Probe  
  61  5:46  Probe  
  61  5:48  Probe, Sentry x3  
  70  5:53  Observer  
  70  5:55  Probe  
  72  5:58  Probe  
  72  6:01  Probe  
  73  6:05  Probe, Gateway  
  70  6:13  Probe  
  70  6:15  Phoenix (Chrono Boost)  
  70  6:17  Pylon  
  73  6:22  Robotics Bay  
  73  6:24  Robotics Facility, Adept x3  
  73  6:25  Probe x2  
  79  6:26  Probe  
  74  6:33  Pylon  
  74  6:37  Assimilator  
  74  6:38  Photon Cannon  
  74  6:39  Gateway  
  74  6:45  Adept x2  
  78  6:48  Adept  
  77  7:06  Adept  
  72  7:10  Stalker  
Tags
 
Add a new tag
Caveats
  • Supply blocks, unpowered buildings, or Contaminate may cause inaccurate times.
  • Supply counts are checked every 10 seconds.